 Dungeon Crawl Stone Soup version 0.21.1-1-g345015f (webtiles) character file.

4 tyranidshit the Skirmisher (level 1, 7/18 HPs)
             Began as a Demonspawn Abyssal Knight on July 28, 2018.
             Was an Initiate of Lugonu.
             Quit the game on level 1 of the Dungeon.
             The game lasted 00:01:33 (140 turns).

tyranidshit the Skirmisher (DsAK)                    Turns: 140, Time: 00:01:33

Health: 7/18       AC:  3    Str: 12    XL:     1   Next: 58%
Magic:  2/2        EV: 11    Int: 13    God:    Lugonu [......]
Gold:   0          SH:  0    Dex: 16    Spells: 0/0 levels left

rFire    . . .     SeeInvis .   d - +0 battleaxe of Pireg {pain, rElec Dex+4} (curse)
rCold    . . .     Gourm    .   (shield currently unavailable)
rNeg     . . .     Faith    .   b - +0 leather armour
rPois    .         Spirit   .   (no helmet)
rElec    +         Reflect  .   (no cloak)
rCorr    .         Harm     .   (no gloves)
MR       .....     Rnd*Tele +   (no boots)
Stlth    +.........             (no amulet)
HPRegen  0.06/turn              (no ring)
MPRegen  0.08/turn              (no ring)

@: very slightly contaminated
A: [teleportitis 2]
a: Renounce Religion


You were on level 1 of the Dungeon.
You worshipped Lugonu.
Lugonu was noncommittal.
You were not hungry.

You visited 1 branch of the dungeon, and saw 1 of its levels.
You visited the Abyss 1 time.

Inventory:

Hand Weapons
 a - a +1 hand axe
 d - the cursed +0 battleaxe of Pireg (weapon) {pain, rElec Dex+4}
   (You found it on level 2 of the Abyss)

   In the hands of one skilled in necromantic magic, it inflicts extra damage on
   living creatures.
   It affects your dexterity (+4).
   It insulates you from electricity.
   It has a curse placed upon it.
Armour
 b - a +0 leather armour (worn)
Comestibles
 c - a ration


   Skills:
 + Level 3.3 Fighting
 - Level 1.7 Axes
 - Level 1.7 Armour
 - Level 0.8 Dodging
 - Level 2.4 Invocations


You couldn't memorise any spells.
You didn't know any spells.

Dungeon Overview and Level Annotations

Branches:
Dungeon (1/15)

Altars:


Innate Abilities, Weirdness & Mutations

[You are sometimes teleported next to monsters.]


Message History

You are too injured to fight recklessly!
You are too injured to fight recklessly!
You are too injured to fight recklessly!
You are too injured to fight recklessly!
You barely miss the bat.
The bat is moderately wounded.
The bat completely misses you. The bat closely misses you. The bat misses you.
The bat closely misses you. The bat hits you but does no damage.
You closely miss the bat. x2; The bat hits you but does no damage.
The bat hits you. The bat hits you but does no damage. The bat misses you.
You barely miss the bat. The bat barely misses you. The bat closely misses you.
The bat misses you. The bat hits you. The bat hits you but does no damage.
The bat hits you but does no damage. The bat closely misses you.
You barely miss the bat.
The bat is moderately wounded.
The bat hits you but does no damage. x2; The bat closely misses you.
The bat barely misses you. The bat hits you.
The bat hits you but does no damage.
Are you sure you want to abandon this character and quit the game? (Confirm with "yes".)

.. ... .#.# #.#
.#.# #####.###.#.#
....... ...# ....
... ########.###.#
.......bb....######
........@†.........
.#..>..#.##......##
.......#.##......#
.#.#####.##......#
.. ..##......# .
..##......#
.####......# .
#...$..# #.
g......#


You could see 2 bats.

Vanquished Creatures
  A leopard gecko (D:1)
  A frilled lizard (D:1)
  2 kobolds (D:1)
  4 toadstools (D:1)
8 creatures vanquished.

Notes
Turn   | Place    | Note
-------+----------+-------------------------------------------
     0 | Abyss:1  | tyranidshit the Demonspawn Abyssal Knight began the quest for the Orb.
     0 | Abyss:1  | Reached XP level 1. HP: 18/18 MP: 2/2
    11 | Abyss:1  | Noticed a vampire
    54 | Abyss:2  | Noticed a spatial vortex
    69 | Abyss:2  | Noticed a wretched star
    77 | Abyss:2  | Got a translucent battleaxe
    79 | D:1      | Escaped the Abyss
    80 | D:1      | Identified the cursed +0 battleaxe of Pireg {pain, rElec Dex+4} (You found it on level 2 of the Abyss)
   140 | D:1      | Quit the game

Action                   || total
-------------------------++-------
Melee: Battleaxe         ||    24
Invok: Depart the Abyss  ||     1
  Use: Potion            ||     2
       Scroll            ||     1
Armor: Leather armour    ||    23
Dodge: Dodged            ||    41
